 Dungeon Crawl Stone Soup version 0.18.1-48-g4cf74bf (webtiles) character file.

2339 Gargoyl the Skirmisher (level 9, -4/71 HPs)
             Began as a Demonspawn Abyssal Knight on June 23, 2016.
             Was an Elder of Lugonu.
             Slain by an orc warrior
             ... wielding a +0 trident
              (7 damage)
             ... on level 6 of the Dungeon on June 24, 2016.
             The game lasted 00:16:16 (7766 turns).

Gargoyl the Skirmisher (Demonspawn Abyssal Knight)  Turns: 7766, Time: 00:16:16

Health: -4/71      AC: 19    Str: 15    XL:     9   Next: 19%
Magic:  11/11      EV: 17    Int: 15    God:    Lugonu [****..]
Gold:   293        SH:  0    Dex: 17    Spells: 0 memorised, 8 levels left

rFire  . . .     SeeInvis .     t - +1 war axe
rCold  . . .     Gourm    .     b - +0 scale mail
rNeg   . . .     Faith    .     (no shield)
rPois  +         Spirit   .     (helmet restricted)
rElec  .         Dismiss  .     z - +2 cloak {rPois}
rCorr  .         Reflect  .     g - +2 pair of gloves
SustAt .         Harm     .     (no boots)
MR     .....     Clarity  +     (no amulet)
Stlth  ++++......               (no ring)
                                y - +2 ring of protection

@: agile, lethally poisoned (-4 -> -5), not resistant to hostile enchantments,
stealthy
A: claws 1, horns 1, talons 1, slimy green scales 2, blurry vision 1, clarity,
nightstalker 2, powered by pain 1, evolution 1, subdued magic 1
a: Depart the Abyss, Bend Space, Banish, Corrupt, Renounce Religion


You were on level 6 of the Dungeon.
You worshipped Lugonu.
Lugonu was greatly pleased with you.
You were not hungry.

You visited 1 branch of the dungeon, and saw 6 of its levels.
You visited the Abyss 1 time.

You collected 293 gold pieces.

Inventory:

Hand Weapons
 t - a +1 war axe (weapon)
Armour
 b - a +0 scale mail (worn)
 g - a +2 pair of gloves (worn)
 v - a +2 helmet
 z - a +2 cloak of poison resistance (worn)
Jewellery
 y - a +2 ring of protection (left hand)
Wands
 i - a wand of slowing (30/48)
 l - a wand of lightning (15/15)
Scrolls
 d - 3 scrolls of identify
 f - 2 scrolls of fear
 h - 5 scrolls of remove curse
 k - a scroll of enchant weapon
 o - a scroll of amnesia
Potions
 s - a potion of curing
Comestibles
 c - 3 bread rations
 j - a beef jerky
 r - 7 meat rations


   Skills:
 + Level 6.6 Fighting
 + Level 6.0 Axes
 * Level 5.8 Armour
 + Level 4.7 Dodging
 + Level 2.8 Stealth
 + Level 2.9 Invocations


You had 8 spell levels left.
You didn't know any spells.

Dungeon Overview and Level Annotations

Branches:
Dungeon (6/15)             Temple (0/1) D:5

Altars:
Cheibriados
Elyvilon
Fedhas
Kikubaaqudgha
Ru
Yredelemnul
The Shining One


Innate Abilities, Weirdness & Mutations

You have sharp fingernails.
You are mostly covered in slimy green scales (AC +3).
You are significantly more attuned to the shadows.
You sometimes gain a little power by taking damage.
You have a pair of small horns on your head.
You have sharp toenails.
Scrolls take you a little longer to read.
You possess an exceptional clarity of mind.
You evolve.
Your spells are a little easier to cast, but a little less powerful.


Message History

The orc warrior hits you with a trident!
* * * LOW HITPOINT WARNING * * *
The orc hits you but does no damage.
You barely miss the orc warrior.
The orc warrior is moderately wounded.
You slash the adder!
You kill the adder!
Lugonu accepts your kill.
You feel sick.
The orc warrior hits you with a trident.
* * * LOW HITPOINT WARNING * * *
The orc barely misses you.
Unknown command.
The orc warrior hits you with a trident!
* * * LOW HITPOINT WARNING * * *
You focus on the pain.
You feel agile all of a sudden.
You feel sick.
The orc warrior hits you from afar with a trident!
You die...

#>.............'..
#.####..)......#..
#.# #.........###
#.# #.........#
#.# #.........#
#.# #.........#
#.# .........# #.#
........# #####@#
######## ......#
....o)# ....o)#
....(.# ####
......# #...
......# #..)
......# #...
......# #...


You could see an orc warrior and an orc.

Vanquished Creatures
  The ghost of Leafly the Skirmisher, a novice DsFi of Trog (D:6)
  The ghost of Xecutor the Shield-Bearer, a novice GrFi (D:5)
  An eye of draining (Abyss:1)
  An ice beast (D:5)
  A phantom (D:6)
  An ogre (D:4)
  A centaur (D:5)
  3 giant frogs
  A scorpion (D:4)
  A water moccasin skeleton (D:5)
  3 wights (D:6)
  A howler monkey (D:5)
  A giant frog zombie (D:5)
  A jelly (D:6)
  2 orc wizards (D:4)
  4 orc priests
  A hound (D:6)
  Jessica (D:3)
  3 iguanas
  Natasha (twice) (D:4)
  3 worker ants
  A hound zombie (D:5)
  A worker ant zombie (D:6)
  Robin (D:4)
  5 gnolls
  7 adders
  A shadow imp (D:5)
  2 oozes (D:5)
  3 worms
  5 giant geckos
  14 orcs
  8 bats
  6 giant cockroaches
  16 goblins
  9 hobgoblins
  23 jackals
  11 kobolds
  4 quokkas
  A ball python (D:2)
  A giant gecko zombie (D:5)
  7 giant newts
  A quokka skeleton (D:5)
  7 rats
168 creatures vanquished.

Vanquished Creatures (others)
  A hobgoblin (D:2)
  A lurking horror (Abyss:1)
2 creatures vanquished.

Grand Total: 170 creatures vanquished

Notes
Turn   | Place    | Note
--------------------------------------------------------------
     0 | Abyss:1  | Gargoyl the Demonspawn Abyssal Knight began the quest for the Orb.
     0 | Abyss:1  | Reached XP level 1. HP: 18/18 MP: 2/2
   154 | Abyss:1  | Noticed an eye of draining
   170 | Abyss:1  | Killed an eye of draining
   170 | Abyss:1  | Reached skill level 1 in Dodging
   170 | Abyss:1  | Gained mutation: You are slightly more attuned to the shadows. [demonic ancestry]
   170 | Abyss:1  | Reached XP level 2. HP: 17/26 MP: 2/4
   170 | Abyss:1  | Gained mutation: You are partially covered in slimy green scales (AC +2). [demonic ancestry]
   170 | Abyss:1  | Reached XP level 3. HP: 21/31 MP: 2/5
   170 | Abyss:1  | Gained mutation: You have sharp fingernails. [demonic ancestry]
   170 | Abyss:1  | Reached XP level 4. HP: 26/38 MP: 2/6
   235 | Abyss:1  | Noticed a starcursed mass
   236 | D:1      | Escaped the Abyss
   309 | D:1      | Found a glowing golden altar of the Shining One.
   333 | D:1      | Reached * piety under Lugonu
   514 | D:1      | Upgraded the game from 0.18.1-47-g9310371 to 0.18.1-48-g4cf74bf
  1088 | D:2      | Reached XP level 5. HP: 39/43 MP: 7/7
  1113 | D:2      | Found a white marble altar of Elyvilon.
  1225 | D:2      | Reached ** piety under Lugonu
  1376 | D:2      | Found a glowing golden altar of the Shining One.
  1381 | D:2      | Found a basalt altar of Yredelemnul.
  1390 | D:2      | Noticed an angel
  1747 | D:3      | HP: 1/43 [orc priest/divine providence (14)]
  2480 | D:3      | Noticed Jessica
  2498 | D:3      | Killed Jessica
  2498 | D:3      | Reached skill level 1 in Stealth
  2525 | D:3      | Reached XP level 6. HP: 40/50 MP: 8/8
  2973 | D:3      | Reached *** piety under Lugonu
  3001 | D:3      | Found a blossoming altar of Fedhas.
  4077 | D:4      | Reached skill level 5 in Fighting
  4078 | D:4      | Gained mutation: You are significantly more attuned to the shadows. [demonic ancestry]
  4078 | D:4      | Reached XP level 7. HP: 33/56 MP: 9/9
  4292 | D:4      | Found an ancient bone altar of Kikubaaqudgha.
  4499 | D:4      | Noticed Robin
  4524 | D:4      | Killed Robin
  4802 | D:4      | Noticed Natasha
  4810 | D:4      | Killed Natasha
  4881 | D:4      | Found a sacrificial altar of Ru.
  4899 | D:4      | Found a sacrificial altar of Ru.
  5340 | D:4      | Noticed Natasha
  5347 | D:4      | Killed Natasha
  5495 | D:5      | Entered Level 5 of the Dungeon
  5524 | D:5      | Reached **** piety under Lugonu
  5866 | D:5      | Found a staircase to the Ecumenical Temple.
  6229 | D:5      | Noticed Xecutor's ghost (novice GrFi)
  6254 | D:5      | Killed Xecutor's ghost
  6254 | D:5      | Reached skill level 5 in Axes
  6254 | D:5      | Gained mutation: You are mostly covered in slimy green scales (AC +3). [demonic ancestry]
  6254 | D:5      | Reached XP level 8. HP: 57/64 MP: 10/10
  6470 | D:5      | Found a snail-covered altar of Cheibriados.
  6879 | D:6      | Reached skill level 5 in Armour
  7042 | D:6      | Noticed Leafly's ghost (novice DsFi)
  7057 | D:6      | Gained mutation: Your spells are a little easier to cast, but a little less powerful. [potion of mutation]
  7057 | D:6      | Gained mutation: You possess an exceptional clarity of mind. [potion of mutation]
  7057 | D:6      | Gained mutation: Scrolls take you a little longer to read. [potion of mutation]
  7076 | D:6      | Killed Leafly's ghost
  7076 | D:6      | Gained mutation: You sometimes gain a little power by taking damage. [demonic ancestry]
  7076 | D:6      | Reached XP level 9. HP: 31/71 MP: 11/11
  7366 | D:6      | Gained mutation: You have a pair of small horns on your head. [potion of mutation]
  7366 | D:6      | Gained mutation: You evolve. [potion of mutation]
  7366 | D:6      | Gained mutation: You have sharp toenails. [potion of mutation]
  7766 | D:6      | HP: 3/71 [poisoned by an adder]
  7766 | D:6      | Slain by an orc warrior

Skill      XL: |  1  2  3  4  5  6  7  8 |
---------------+-------------------------+-----
Fighting       | 4 5 6 |  6.6
Axes           | 2 3 5 6 |  6.0
Armour         | 2 3 4 5 |  5.8
Dodging        | 1 2 3 4 |  4.7
Stealth        | 1 2 |  2.8
Invocations    | |  2.9

Action                   |  1- 3 |  4- 6 |  7- 9 || total
-------------------------+-------+-------+-------++-------
Melee: Hand axe          |    12 |   265 |       ||   277
       War axe           |       |    64 |   412 ||   476
       Kick              |       |       |     3 ||     3
       Headbutt          |       |       |     3 ||     3
Invok: Depart the Abyss  |       |     1 |       ||     1
  Use: Potion            |       |     3 |    12 ||    15
       Scroll            |       |       |    17 ||    17
 Stab: Sleeping          |       |    10 |     7 ||    17
       Distracted        |       |       |     1 ||     1
  Eat: Chunk             |       |    10 |    14 ||    24
Armor: Leather armour    |       |    85 |       ||    85
       Ring mail         |       |    58 |       ||    58
       Scale mail        |       |    65 |   317 ||   382
Dodge: Dodged            |       |   275 |   264 ||   539
